 Dungeon Crawl Stone Soup version 0.29-a0-330-g52719c12eb (webtiles) character file.

Game seed: 7141364367499388481

206 HoaS the Quickloader (level 6, -3/35 HPs)
             Began as a Kobold Hunter on May 18, 2022.
             Slain by Prince Ribbit (15 damage)
             ... on level 4 of the Dungeon.
             The game lasted 00:08:10 (3444 turns).

HoaS the Quickloader (Kobold Hunter)                Turns: 3444, Time: 00:08:11

Health: -3/35      AC:  5    Str:  9    XL:     6   Next: 10%
Magic:  6/6        EV: 13    Int: 10    God:
Gold:   199        SH:  0    Dex: 20    Spells: 5/5 levels left

rFire   + + .      SeeInvis .   a - +1 hand crossbow
rCold   . . .      Faith    .   (no shield)
rNeg    . . .      Spirit   .   m - +0 ring mail
rPois   .          Reflect  .   (no helmet)
rElec   .          Harm     .   (no cloak)
rCorr   .          Rampage  .   (no gloves)
Will    .....                   (no boots)
Stlth   ++........              (no amulet)
HPRegen 0.11/turn               f - ring of protection from fire
MPRegen 0.10/turn               k - ring of protection from fire

@: no status effects
A: small, no large weapons, nightstalker 3
a: no special abilities


You were on level 4 of the Dungeon.
You visited 1 branch of the dungeon, and saw 5 of its levels.

You collected 199 gold pieces.

Inventory:

Hand Weapons
 a - a +1 hand crossbow (weapon)
Armour
 m - a +0 ring mail (worn)
Jewellery
 f - a ring of protection from fire (left hand)
 j - a ring of see invisible
 k - a ring of protection from fire (right hand)
 l - a ring of fire
 p - an amulet of faith
Scrolls
 b - a scroll of teleportation
 c - a scroll of immolation
 d - a scroll of noise
 q - a scroll of blinking
Potions
 e - a potion of resistance {unknown}
 g - a potion of haste {unknown}
 h - 2 potions of degeneration {unknown}
 i - a potion of curing {unknown}
 o - a potion of brilliance {unknown}
 r - a potion of flight {unknown}


   Skills:
 - Level 2.1 Fighting
 * Level 9.1 Crossbows
 - Level 2.4 Dodging
 - Level 1.3 Stealth


You had 5 spell levels left.
You didn't know any spells.
Your spell library contained the following spells:

 Spells                   Type           Power      Damage    Failure   Level
 Gell's Gravitas          Tloc           0%         N/A       97%         3
 Lesser Beckoning         Tloc           0%         N/A       97%         3
 Teleport Other           Tloc           0%         N/A       97%         3


Dungeon Overview and Level Annotations

Branches:
Dungeon (5/15)
 Temple: D:4-7

Altars:
Uskayaw
Vehumet

Shops:
D:3 (

Annotations:
D:2 Sigmund
D:4 Prince Ribbit


Innate Abilities, Weirdness & Mutations

You are small and have problems with some larger weapons.
You are completely attuned to the shadows.


Message History

It is a scroll of amnesia.
You feel forgetful for a moment.
(D) Dungeon
Where to? (Enter - D:4 @ (x,y), ? - help)
You see here a +0 flail.
There is an open door here.
There is a stone staircase leading down here.
You climb downwards.
Found 14 stones, 7 gold pieces and a book of Necromancy.
There is a stone staircase leading up here.
Prince Ribbit comes into view.
Found a stone staircase leading up.
You shoot a bolt. The bolt hits Prince Ribbit!
Prince Ribbit croaks.
Prince Ribbit is moderately wounded.
You hear a shout!
You hear an angry hiss. x2
An adder comes into view.
An iguana comes into view.
Prince Ribbit blinks!
Prince Ribbit barely misses you.
There is a stone staircase leading up here.
Prince Ribbit hits you!
Prince Ribbit blinks!
You climb upwards.
There is a stone staircase leading down here.
You shoot a bolt. The bolt hits Prince Ribbit.
Prince Ribbit is moderately wounded.
Prince Ribbit barely misses you. Prince Ribbit hits you!
You are too injured to fight recklessly!
Okay, then.
Okay, then.
Shoot: a) +1 hand crossbow
Press: ? - help, Q - select action Shift-Dir - straight line, f/p - Prince Ribbit
Aim: Prince Ribbit (moderately wounded, 52% to hit)
You shoot a bolt. The bolt barely misses Prince Ribbit.
Prince Ribbit barely misses you.
Shoot: a) +1 hand crossbow
Press: ? - help, Q - select action Shift-Dir - straight line, f/p - Prince Ribbit
Aim: Prince Ribbit (moderately wounded, 52% to hit)
You shoot a bolt. The bolt barely misses Prince Ribbit.
Prince Ribbit barely misses you. Prince Ribbit hits you!
You die...

.........# #.#.........#.#
...##....######.#.........#.#
....'.....................'.#
..#.#...#.#####.#.........###
###.....#.# #.#.........#
##....#.# #.#####.#####
#....#.#####..# #.#
#####.###.#...##.# #.#
.......##.#...#.@####.###
.....#.##.#.....F.......#
.....#..#.#...#.........#
.....'........#........≈#########
.....##...#####.......≈≈.≈≈≈.≈†≈#
.....'........+.......#.≈≈≈≈≈≈≈≈≈
.....##########.......#########..
.....# #######.###≈≈≈≈≈≈.. #.####
#.##≈≈≈.÷.≈≈#


You could see Prince Ribbit.

Vanquished Creatures
  A hound (D:3)
  3 gnolls (D:4)
  4 adders
  3 worms
  12 dart slugs
  2 orcs (D:3)
  3 ball pythons (D:1)
  5 bats (D:1)
  5 endoplasms
  8 giant cockroaches
  6 goblins
  5 hobgoblins
  9 quokkas
  2 frilled lizards
  3 kobolds
  5 rats
76 creatures vanquished.

Notes
Turn   | Place    | Note
-------+----------+-------------------------------------------
     0 | D:1      | HoaS the Kobold Hunter began the quest for the Orb.
     0 | D:1      | Reached XP level 1. HP: 12/12 MP: 1/1
    41 | D:1      | Found a faded altar of an unknown god.
   221 | D:1      | Reached XP level 2. HP: 17/17 MP: 2/2
   270 | D:1      | Reached skill level 6 in Crossbows
   355 | D:1      | Reached XP level 3. HP: 21/21 MP: 3/3
   920 | D:2      | Noticed Sigmund
   955 | D:3      | Found Ariduw's Antique Weapon Shop.
  1008 | D:3      | Reached skill level 7 in Crossbows
  1009 | D:3      | Noticed a +0 dagger
  1010 | D:3      | Found a hide-covered altar of Uskayaw.
  1010 | D:3      | Noticed a +0 hand axe
  1039 | D:3      | Reached XP level 4. HP: 26/26 MP: 4/4
  1941 | D:3      | Reached skill level 8 in Crossbows
  1941 | D:3      | Reached XP level 5. HP: 8/30 MP: 5/5
  2732 | D:4      | Found a radiant altar of Vehumet.
  2791 | D:4      | Reached skill level 9 in Crossbows
  2791 | D:4      | Reached XP level 6. HP: 31/35 MP: 6/6
  3434 | D:5      | Entered Level 5 of the Dungeon
  3436 | D:5      | Noticed Prince Ribbit
  3444 | D:4      | Slain by Prince Ribbit

Illustrated notes

Levels and vault maps discovered:
D:1:      dpeg_arrival_chambers_temple_mockup, layout_basic,
          ebering_ecumenical_altar_hall
D:2:      layout_basic, uniq_crazy_yiuf_cottage, uniq_sigmund
D:3:      layout_rooms, dancing_weapons_uskayaw, serial_shops,
          nicolae_shop_temple_entry_statues_fountains
D:4:      kennysheep_slugbush, layout_basic, fiery_altar_vehumet,
          gup_sewer_entry_pipe
D:5:      layout_cave_pools, kennysheep_small_circle, uniq_duvessa, uniq_ijyb,
          uniq_prince_ribbit1, uniq_eustachio, uniq_edmund

Skill      XL: |  1  2  3  4  5 |
---------------+----------------+-----
Crossbows      | 6 7 8 9 |  9.1
Fighting       | |  2.1
Dodging        | |  2.4
Stealth        | |  1.3

Action                   |  1- 3 |  4- 6 || total
-------------------------+-------+-------++-------
 Fire: Hand crossbow     |    72 |   137 ||   209
  Use: Scroll            |     3 |     5 ||     8
Armor: Leather armour    |     3 |       ||     3
       Ring mail         |       |    13 ||    13
Dodge: Dodged            |    10 |    58 ||    68

Table legend: (Time is in decaauts)
 A = Elapsed time spent in this place.
 B = Non-inter-level travel time spent in this place.
 C = Inter-level travel time spent in this place.
 D = Time resting spent in this place.
 E = Time spent auto-exploring this place.
 F = Levels seen in this place.
 G = Mean time per level.
                   A        B        C        D        E       F      G
               +--------+--------+--------+--------+--------+-----+--------+
         Total |   3514 |   3375 |    139 |    930 |   1904 |   5 |  702.8 |
       Dungeon |   3514 |   3375 |    139 |    930 |   1904 |   5 |  702.8 |
               +--------+--------+--------+--------+--------+-----+--------+

Top non-repeatable levels by time:
     D:4: 1295 daAuts
     D:3: 1252 daAuts
     D:1: 837 daAuts
     D:2: 122 daAuts
     D:5: 6 daAuts
